 Dungeon Crawl Stone Soup version 0.27-a0-54-g64bdb92e38 (webtiles) character file.

Game seed: 4979842524465713203

192068 robertstho the Pandemonic (level 17, -4/164 HPs)
             Began as a Deep Dwarf Fighter on Jan 7, 2021.
             Was a High Priest of Makhleb.
             Slain by a jumping spider (9 damage)
             ... on level 2 of the Spider Nest.
             The game lasted 01:14:15 (24937 turns).

robertstho the Pandemonic (Deep Dwarf Fighter)     Turns: 24937, Time: 01:14:15

Health: -4/164     AC: 24    Str: 43    XL:     17   Next: 59%
Magic:  3/3        EV: 13    Int: 20    God:    Makhleb [*****.]
Gold:   2405       SH:  0    Dex: 15    Spells: 16/16 levels left

rFire    + + .     SeeInvis +   R - +7 trident of Cynaack {vorpal, *Slow rElec rF+}
rCold    + . .     Faith    .   c - +0 kite shield
rNeg     + + .     Spirit   .   I - +2 chain mail {rPois}
rPois    +         Reflect  .   u - +2 hat of Restlessness {*Contam *Drain Will++ Int+9}
rElec    +         Harm     .   k - +0 cloak
rCorr    +         Rampage  .   w - +0 pair of gloves "Qeant" {rElec rN+ Slay+2} (curse)
Will     ++++.     NoCast   +   q - +2 pair of boots of Ujekisch {-Cast Regen+ Str+3 SInv}
Stlth    ..........             O - amulet of Bacosk {Acrobat rF- Str+9 Dex+3}
HPRegen  0.00/turn              l - ring of protection from fire
MPRegen  0.08/turn              M - +6 ring of strength

@: confused, resistant, non-regenerating
A: damage resistance, heal wounds, negative energy resistance 1, sense
surroundings 2, no regeneration
}: 1/15 runes: decaying
a: Heal Wounds, Renounce Religion, Minor Destruction, Lesser Servant of Makhleb,
Major Destruction, Greater Servant of Makhleb


You were on level 2 of the Spider Nest.
You worshipped Makhleb.
Makhleb was extremely pleased with you.
You visited 5 branches of the dungeon, and saw 28 of its levels.
You also visited: Bailey, Ice Cave and Volcano.

You collected 2825 gold pieces.
You spent 420 gold pieces at shops.

Inventory:

Hand Weapons
 e - a +0 broad axe of flaming
 B - the +10 hunting sling "Ishoqej" {vorpal, rN+ Will+ Dex+2}
   (You found it on level 2 of the Lair of Beasts)

   Any stone fired from it inflicts extra damage.
   It affects your dexterity (+2).
   It protects you from negative energy.
   It affects your willpower, your defense against some magical effects.
 R - the +7 trident of Cynaack (weapon) {vorpal, *Slow rElec rF+}
   (You bought it in a shop on level 13 of the Dungeon)

   It inflicts extra damage upon your enemies.
   It protects you from fire.
   It insulates you from electricity.
   It may slow you when you take damage.
Missiles
 C - 634 stones (quivered)
 T - 195 sling bullets
Armour
 c - a +0 kite shield (worn)
 k - a +0 cloak (worn)
 q - the +2 pair of boots of Ujekisch (worn) {-Cast Regen+ Str+3 SInv}
   (You found it on level 8 of the Dungeon)

   It affects your strength (+3).
   It lets you see invisible.
   It prevents spellcasting.
   It increases your rate of regeneration.
 u - the +2 hat of Restlessness (worn) {*Contam *Drain Will++ Int+9}
   (You found it in an ice cave)

   It affects your intelligence (+9).
   It affects your willpower, your defense against some magical effects.
   It causes magical contamination when unequipped.
   It causes draining when unequipped.
 w - the cursed +0 pair of gloves "Qeant" (worn) {rElec rN+ Slay+2}
   (You found it on level 1 of the Lair of Beasts)

   It affects your accuracy and damage with ranged weapons and melee attacks
   (+2).
   It insulates you from electricity.
   It protects you from negative energy.
   It has a curse placed upon it.
 I - a +2 chain mail of poison resistance (worn)
 K - a +1 ring mail of cold resistance
 Q - a +4 plate armour of fire resistance
 Y - +0 acid dragon scales
Jewellery
 l - a ring of protection from fire (left hand)
 v - an uncursed ring of positive energy
 E - an uncursed ring of protection from cold
 H - an uncursed ring of see invisible
 M - a +6 ring of strength (right hand)
 O - the amulet of Bacosk (around neck) {Acrobat rF- Str+9 Dex+3}
   (You found it on level 2 of the Lair of Beasts)

   [amulet of the acrobat]

   It helps you evade while moving and waiting.
   It affects your strength (+9).
   It affects your dexterity (+3).
   It makes you vulnerable to fire.
 S - an uncursed ring of willpower
 U - an uncursed ring of positive energy
 X - an uncursed ring of flight
Wands
 a - a wand of iceblast (40)
 r - a wand of acid (5)
 V - a wand of disintegration (32)
Scrolls
 b - a scroll of summoning
 d - a scroll of brand weapon
 f - 2 scrolls of blinking
 i - 13 scrolls of remove curse
 m - a scroll of fear
 o - 4 scrolls of immolation
 t - a scroll of enchant weapon
 y - 3 scrolls of enchant armour
 F - 6 scrolls of teleportation
 L - 2 scrolls of magic mapping
 W - 2 scrolls of fog
Potions
 j - a potion of cancellation
 n - 4 potions of haste
 p - 3 potions of might
 x - 4 potions of flight
 z - 4 potions of mutation
 N - 2 potions of resistance
 P - a potion of berserk rage
Miscellaneous
 D - a condenser vane


   Skills:
 * Level 13.3 Fighting
 + Level 12.9(15.3) Axes
 + Level 12.1(13.7) Polearms
 + Level 2.2(2.7) Slings
 + Level 1.6(2.1) Throwing
 * Level 15.2 Armour
 + Level 5.3 Dodging
 + Level 4.6 Stealth
 + Level 14.0 Shields
 * Level 15.4 Invocations
 + Level 1.2 Evocations


You had 16 spell levels left.
You didn't know any spells.
Your spell library contained the following spells:

 Spells                   Type           Power        Failure   Level
 Animate Skeleton         Necr           0%           45%         1
 Freeze                   Ice            0%           45%         1
 Magic Dart               Conj           0%           45%         1
 Sting                    Tmut/Pois      0%           45%         1
 Poisonous Vapours        Pois/Air       0%           58%         2
 Searing Ray              Conj           0%           58%         2
 Sublimation of Blood     Necr           0%           58%         2
 Swiftness                Air            0%           58%         2
 Conjure Flame            Conj/Fire      0%           83%         3
 Dazzling Flash           Conj/Hex       0%           83%         3
 Frozen Ramparts          Ice            0%           83%         3
 Ignite Poison            Fire/Tmut/Pois 0%           83%         3
 Mephitic Cloud           Conj/Pois/Air  0%           83%         3
 Ozocubu's Armour         Ice            0%           83%         3
 Fulminant Prism          Conj/Hex       0%           99%         4
 Hailstorm                Conj/Ice       0%           99%         4
 Ice Form                 Ice/Tmut       0%           99%         4
 Iskenderun's Mystic Bla  Conj/Tloc      0%           99%         4
 Olgreb's Toxic Radiance  Pois           0%           99%         4
 Summon Ice Beast         Ice/Summ       0%           99%         4
 Fireball                 Conj/Fire      0%           100%        5
 Metabolic Englaciation   Hex/Ice        0%           100%        5
 Silence                  Hex/Air        0%           100%        5
 Conjure Ball Lightning   Conj/Air       0%           100%        6
 Freezing Cloud           Conj/Ice/Air   0%           100%        6
 Ozocubu's Refrigeration  Ice            0%           100%        6
 Simulacrum               Ice/Necr       0%           100%        6
 Starburst                Conj/Fire      0%           100%        6
 Chain Lightning          Conj/Air       0%           100%        8
 Ignition                 Fire           0%           100%        8
 Lehudib's Crystal Spear  Conj/Erth      0%           100%        8
 Absolute Zero            Ice            0%           100%        9
 Fire Storm               Conj/Fire      0%           100%        9


Dungeon Overview and Level Annotations

Branches:
Dungeon (15/15)            Temple (1/1) D:7            Lair (6/6) D:11
  Swamp (4/4) Lair:4       Spider (2/4) Lair:2        Slime (0/5) Lair:5
    Orc (0/2) D:9          Vaults (0/5) D:14         Depths (0/5) D:15
 Bailey (visited)           IceCv (visited)         Volcano (visited)

Altars:
Ashenzari
Cheibriados
Dithmenos
Elyvilon
Fedhas
Gozag
Hepliaklqana
Kikubaaqudgha
Makhleb
Nemelex Xobeh
Okawaru
Qazlal
Ru
Sif Muna
Trog
Uskayaw
Vehumet
Wu Jian
Xom
Yredelemnul
Zin
The Shining One
Jiyva

Shops:
D:10 *   D:12 [   D:13 (

Annotations:
Lair:2 Need rcorr to finish level


Innate Abilities, Weirdness & Mutations

You are resistant to damage.
You can heal yourself by infusing magical energy.
You resist negative energy. (rN+)
You passively map the area around you.
You do not regenerate.


Message History

The tarantella closely misses you.
The jumping spider pounces on you but does no damage.
The jumping spider closely misses you.
The tarantella bites you but does no damage. x2
You puncture the tarantella!
The tarantella is severely wounded.
The jumping spider pounces on you but does no damage.
The jumping spider bites you but does no damage.
The tarantella bites you but does no damage.
The redback bites you but does no damage.
The jumping spider leaps!
The tarantella bites you but does no damage.
The jumping spider leaps!
The tarantella bites you but does no damage.
You puncture the tarantella!
The tarantella is moderately wounded.
The tarantella barely misses you. The redback bites you.
* * * LOW HITPOINT WARNING * * *
The jumping spider leaps!
The jumping spider pounces on you!
You die...

##..#.(..#* ###.>.. ,
, ,, #,
#.ss○.###.....# ,#..
, , **
###..###^.....# ..○.
, ,
##.#.......###.... **
..#............. , ,
, ,,....s.†..s......
, , ,,
....s..2........
,......sss.s..... , ,
, ......s@ss°..... ,,
* * ,
.....s^ss......., , ,
,,....s....○...... ,
, , .............s..
,, , *
#.#.....s....... ,
##..............,,,,,
, *#...............
,, , ................
, , * , , , ,


You could see a wolf spider, 5 orb spiders, 6 jumping spiders, 3 tarantellas, a
redback and a friendly cacodemon (summoned).

Vanquished Creatures
  Jorgrun (D:12)
  An acid blob (Lair:5)
  A thorn hunter (Swamp:1)
  A fenstrider witch (Swamp:1)
  Roxanne (D:14)
  Louise (D:14)
  4 emperor scorpions (Spider:1)
  4 bunyips
  A red draconian (Volcano)
  2 entropy weavers (Spider:1)
  A shambling mangrove (Swamp:4)
  An eleionoma (Swamp:3)
  Josephine (D:15)
  2 vault guards (D:14)
  16 hydras
  3 boulder beetles
  3 ghost crabs (Swamp:2)
  3 centaur warriors
  9 alligators
  5 two-headed ogres
  Urug (D:11)
  11 spriggans
  Sonja (Lair:3)
  4 goliath frogs
  2 unseen horrors
  A salamander mystic (Volcano)
  8 swamp dragons
  7 spriggan druids
  7 bog bodies
  3 wizards
  A lindwurm (Lair:5)
  3 necromancers
  A wolf spider zombie (D:15)
  An orc knight (D:15)
  5 oklob plants
  A phantasmal warrior (D:13)
  5 orb spiders (Spider:1)
  6 wolf spiders (Spider:1)
  3 deep elf magi
  4 will-o-the-wisps
  3 moths of wrath (Spider:1)
  4 salamanders (Volcano)
  17 ugly things
  5 centaur zombies
  2 manticores
  5 elephants (Lair:6)
  An ice statue (IceCv)
  A naga mage (D:15)
  Joseph (D:7)
  2 gargoyles (D:13)
  6 black mambas
  13 cane toads
  A torpor snail (Spider:1)
  7 rime drakes (Lair:6)
  5 yaktaurs
  10 freezing wraiths
  11 komodo dragons
  An efreet (D:13)
  8 demonic crawlers (Spider:1)
  A meliai (shapeshifter) (D:15)
  10 jumping spiders (Spider:1)
  A tengu conjurer (D:14)
  2 ice devils (Lair:1)
  4 polar bears
  12 hornets
  4 trolls
  12 tyrant leeches
  3 meliai (D:15)
  A wolf spider simulacrum (IceCv)
  Grinder (D:5)
  12 blink frogs
  10 slime creatures
  8 dream sheep
  23 redbacks
  2 shadows
  19 humans (D:14)
  12 tarantellas
  3 water elementals
  62 yaks
  7 wraiths
  A hog (D:15)
  8 wyverns
  6 basilisks
  13 vampire mosquitoes
  5 steam dragons (Lair:6)
  15 swamp worms
  A warg (D:15)
  3 acid dragons
  A death yak simulacrum (IceCv)
  9 water moccasins
  A hell hound (Lair:6)
  A soldier ant (D:12)
  5 swamp drakes
  15 orc warriors
  4 sky beasts
  10 ice beasts
  3 phantoms
  A hornet zombie (D:10)
  2 eyes of draining
  A necrophage (D:10)
  8 black bears
  7 ogres
  8 wolves
  22 centaurs
  3 big kobolds
  A gnoll sergeant (D:11)
  20 bullfrogs
  A wyvern zombie (D:14)
  A wyvern skeleton (D:13)
  5 scorpions (Spider:1)
  A water moccasin skeleton (D:10)
  5 killer bees (D:7)
  4 howler monkeys
  22 wights
  7 electric eels
  2 quasits
  A draconian simulacrum (IceCv)
  A gnoll shaman (D:10)
  An iron imp (D:9)
  8 orc priests
  3 bullfrog skeletons (D:11)
  5 centaur skeletons
  11 hounds
  4 jellies
  A bullfrog zombie (D:11)
  8 hell rats
  3 iguanas
  9 orc wizards
  A polar bear simulacrum (IceCv)
  A spriggan simulacrum (IceCv)
  9 worker ants
  A wolf simulacrum (IceCv)
  5 centaur simulacra
  A hound skeleton (D:10)
  A howler monkey skeleton (D:10)
  A worker ant zombie (D:8)
  5 adders
  9 gnolls
  A naga simulacrum (IceCv)
  6 ogre simulacra (IceCv)
  A shadow imp (D:6)
  11 white imps
  2 ufetubi
  An ooze (D:3)
  5 worms
  A dart slug (D:3)
  A leopard gecko (D:4)
  62 orcs
  7 bats
  5 giant cockroaches
  12 goblins
  5 hobgoblins
  7 jackals
  4 quokkas
  A jackal zombie (D:7)
  30 kobolds
  A quokka skeleton (D:9)
  6 rats
928 creatures vanquished.

Vanquished Creatures (collateral kills)
  A thorn hunter (Swamp:4)
  Kirke (D:15)
  2 emperor scorpions (Spider:1)
  Nessos (D:12)
  An eleionoma (Swamp:4)
  A fire dragon (Lair:6)
  Fannar (D:12)
  4 hydras (Swamp:4)
  An alligator (Swamp:4)
  4 goliath frogs (Swamp:4)
  5 swamp dragons
  A bog body (Swamp:4)
  3 orb spiders (Spider:1)
  2 wolf spiders (Spider:1)
  A cyclops (D:15)
  A rime drake (Lair:6)
  3 demonic crawlers (Spider:1)
  A komodo dragon (Lair:6)
  A freezing wraith (IceCv)
  7 jumping spiders
  A wind drake (shapeshifter) (D:15)
  A hornet (Spider:1)
  4 tyrant leeches (Swamp:4)
  3 blink frogs (Lair:2)
  A wyvern (Lair:6)
  3 tarantellas (Spider:1)
  5 redbacks (Spider:1)
  A hog (D:15)
  A yak (Lair:2)
  3 basilisks (Lair:6)
  2 swamp worms (Swamp:4)
  4 swamp drakes (Swamp:4)
  A bullfrog (Lair:2)
  A scorpion (D:12)
  An iguana (Lair:6)
  A hell rat (Lair:6)
  2 troll simulacra (IceCv)
  A spriggan simulacrum (IceCv)
  A centaur simulacrum (IceCv)
  4 naga simulacra (IceCv)
  An ogre simulacrum (IceCv)
  5 white imps (IceCv)
89 creatures vanquished.

Vanquished Creatures (others)
  2 jumping spiders (Spider:1)
  A hornet (Swamp:4)
  A bloated husk (Swamp:1)
  A centaur simulacrum (D:13)
  A redback (Spider:1)
  A swamp worm (Swamp:4)
  3 swamp drakes
  14 foxfires
  23 fungi
  67 plants
114 creatures vanquished.

Grand Total: 1131 creatures vanquished

Notes
Turn   | Place    | Note
-------+----------+-------------------------------------------
     0 | D:1      | robertstho the Deep Dwarf Fighter began the quest for the
                  | Orb.
     0 | D:1      | Reached XP level 1. HP: 20/20 MP: 1/1
   287 | D:1      | Reached XP level 2. HP: 27/27 MP: 2/2
   769 | D:2      | Noticed a sky beast
   773 | D:2      | Reached XP level 3. HP: 28/34 MP: 3/3
   791 | D:2      | Killed a sky beast
   792 | D:2      | Reached skill level 1 in Dodging
   792 | D:2      | Reached XP level 4. HP: 11/42 MP: 4/4
   820 | D:2      | Reached XP level 5. HP: 37/49 MP: 5/5
   914 | D:2      | Found a shimmering altar of Xom.
   914 | D:2      | Found a shimmering altar of Xom.
   914 | D:2      | Found a shimmering altar of Xom.
   915 | D:2      | Found a shimmering altar of Xom.
   915 | D:2      | Found a shimmering altar of Xom.
  1948 | D:4      | Noticed an ogre
  1955 | D:4      | Killed an ogre
  1956 | D:4      | Reached skill level 5 in Axes
  1956 | D:4      | Reached XP level 6. HP: 33/56 MP: 6/6
  2034 | D:4      | Found a hazy altar of Hepliaklqana.
  2059 | D:4      | Found a broken altar of Ashenzari.
  2059 | D:4      | Found a hide-covered altar of Uskayaw.
  2135 | D:4      | Found a blossoming altar of Fedhas.
  2148 | D:4      | Noticed an oklob plant
  2507 | D:5      | Entered Level 5 of the Dungeon
  2514 | D:5      | Noticed Grinder
  2522 | D:5      | Paralysed by Grinder for 2 turns
  2537 | D:5      | Killed Grinder
  2538 | D:5      | Reached XP level 7. HP: 39/63 MP: 7/7
  2848 | D:5      | Reached skill level 5 in Shields
  3158 | D:6      | Reached skill level 5 in Armour
  3160 | D:6      | Reached XP level 8. HP: 69/73 MP: 8/8
  3300 | D:6      | Found an ancient bone altar of Kikubaaqudgha.
  3300 | D:6      | Found a sacrificial altar of Ru.
  3860 | D:7      | Reached skill level 5 in Fighting
  3942 | D:7      | Noticed Joseph
  3963 | D:7      | Killed Joseph
  3964 | D:7      | Reached skill level 1 in Stealth
  3964 | D:7      | Gained mutation: You passively map the area around you.
                  | [Deep Dwarf growth]
  3964 | D:7      | Reached XP level 9. HP: 63/81 MP: 8/8
  4268 | D:7      | Found a staircase to the Ecumenical Temple.
  4277 | Temple   | Entered the Ecumenical Temple
  4456 | D:8      | Found a flagged portal.
  4504 | Bailey   | Entered a bailey
  4741 | Bailey   | Reached skill level 1 in Throwing
  4797 | Bailey   | Reached skill level 10 in Axes
  5132 | D:8      | Reached XP level 10. HP: 41/91 MP: 9/9
  5173 | D:8      | Got a pair of glimmering boots
  5178 | D:8      | Identified the +2 pair of boots of Ujekisch {-Cast Regen+
                  | Str+3 SInv} (You found it on level 8 of the Dungeon)
  5942 | D:9      | Found a burning altar of Makhleb.
  5953 | D:9      | Became a worshipper of Makhleb the Destroyer
  6105 | D:9      | Found a staircase to the Orcish Mines.
  6603 | D:10     | Entered Level 10 of the Dungeon
  6645 | D:10     | Reached skill level 1 in Invocations
  6762 | D:10     | Reached * piety under Makhleb
  6933 | D:10     | Noticed a will-o-the-wisp
  6954 | D:10     | Killed a will-o-the-wisp
  7081 | D:10     | Found Kalest's General Store.
  7099 | D:10     | Bought 20 bolts for 64 gold pieces
  7099 | D:10     | Bought a scroll of remove curse for 48 gold pieces
  7099 | D:10     | Bought a scroll of fear for 56 gold pieces
  7099 | D:10     | Bought a scroll of teleportation for 48 gold pieces
  7828 | D:10     | Noticed a two-headed ogre
  7842 | D:10     | Killed a two-headed ogre
  7843 | D:10     | Reached XP level 11. HP: 76/100 MP: 8/10
  7916 | D:11     | Noticed Urug
  7916 | D:11     | Noticed a white ugly thing
  7960 | D:11     | Killed a purple ugly thing
  7966 | D:11     | Killed Urug
  8005 | D:11     | Reached ** piety under Makhleb
  8014 | D:11     | Reached skill level 5 in Invocations
  8417 | D:11     | Found a staircase to the Lair.
  8550 | D:11     | Noticed a two-headed ogre
  8565 | D:11     | Killed a two-headed ogre
  8657 | D:11     | Noticed a two-headed ogre
  8676 | D:11     | Killed a two-headed ogre
  8677 | D:11     | Reached skill level 10 in Armour
  8727 | D:11     | Reached *** piety under Makhleb
  8765 | D:11     | Noticed a cyan ugly thing
  8815 | D:11     | Killed a cyan ugly thing
  9033 | D:12     | Found Ihun's Armour Shop.
  9083 | D:12     | Noticed Nessos
  9087 | D:12     | Noticed Jorgrun
  9107 | D:12     | Killed Jorgrun
  9108 | D:12     | Reached XP level 12. HP: 112/112 MP: 10/10
  9113 | D:12     | Killed Nessos
  9208 | D:12     | Noticed Fannar
  9232 | D:12     | Killed Fannar
  9747 | D:13     | Found a hazy altar of Hepliaklqana.
  9800 | D:13     | Found Jinymo's Antique Weapon Shop.
  9814 | D:13     | Bought a steaming trident for 204 gold pieces
  9814 | D:13     | Identified the +7 trident of Cynaack {vorpal, *Slow rElec
                  | rF+} (You bought it in a shop on level 13 of the Dungeon)
  9945 | Lair:1   | Entered Level 1 of the Lair of Beasts
  9975 | Lair:1   | Reached skill level 1 in Polearms
 10014 | Lair:1   | Got a pair of transparent gloves
 10024 | Lair:1   | Identified the cursed +0 pair of gloves "Qeant" {rElec rN+
                  | Slay+2} (You found it on level 1 of the Lair of Beasts)
 10155 | Lair:1   | Noticed a five-headed hydra
 10164 | Lair:1   | Killed a five-headed hydra
 10229 | Lair:1   | You fall into a shaft and drop 1 floor!
 10396 | Lair:2   | Reached skill level 10 in Shields
 10402 | Lair:2   | Got a warped hunting sling
 10403 | Lair:2   | Identified the +10 hunting sling "Ishoqej" {vorpal, rN+
                  | Will+ Dex+2} (You found it on level 2 of the Lair of
                  | Beasts)
 10475 | Lair:1   | Found a frozen archway.
 10491 | Lair:1   | Reached **** piety under Makhleb
 10499 | IceCv    | Entered an ice cave
 10629 | IceCv    | Reached XP level 13. HP: 66/121 MP: 13/13
 10735 | IceCv    | Found an ancient bone altar of Kikubaaqudgha.
 11081 | IceCv    | Got a brightly glowing hat
 11091 | IceCv    | Identified the +2 hat of Restlessness {*Contam *Drain
                  | Will++ Int+9} (You found it in an ice cave)
 11826 | Lair:2   | Reached skill level 5 in Polearms
 11863 | Lair:2   | Found a hole to the Spider Nest.
 12106 | Lair:2   | Reached skill level 10 in Invocations
 12140 | Lair:2   | Got a steaming bone amulet
 12574 | Lair:3   | Found a dark tunnel.
 12588 | Volcano  | Entered a volcano
 12718 | Volcano  | Noticed a red draconian
 12719 | Volcano  | Reached ***** piety under Makhleb
 12736 | Volcano  | Killed a red draconian
 12932 | Lair:3   | Identified the amulet of Bacosk {Acrobat rF- Str+9 Dex+3}
                  | (You found it on level 2 of the Lair of Beasts)
 13240 | Lair:3   | Noticed Sonja
 13248 | Lair:3   | Killed Sonja
 13682 | Lair:4   | Reached skill level 10 in Fighting
 13702 | Lair:4   | Found a staircase to the Swamp.
 13748 | Lair:4   | Gained mutation: You resist negative energy. (rN+) [Deep
                  | Dwarf growth]
 13748 | Lair:4   | Reached XP level 14. HP: 132/132 MP: 14/14
 13859 | Lair:4   | Identified the Catalogue of Aerial Evil
 14375 | Lair:5   | Found a viscous altar of Jiyva.
 14375 | Lair:5   | Noticed an acid blob
 14376 | Lair:5   | Found a runed translucent door.
 14673 | Lair:5   | Found a staircase to the Slime Pits.
 15037 | Lair:5   | Killed an acid blob
 15073 | Lair:6   | Entered Level 6 of the Lair of Beasts
 15497 | Lair:6   | Reached skill level 1 in Evocations
 15916 | Lair:6   | Reached ****** piety under Makhleb
 17088 | D:13     | Reached XP level 15. HP: 142/142 MP: 14/14
 17406 | D:14     | Noticed Louise
 17427 | D:14     | Killed Louise
 17535 | D:14     | Identified Roxanne's Disquisition on Shape Shifting
 17535 | D:14     | Noticed Roxanne
 17675 | D:14     | Killed Roxanne
 17840 | D:14     | Reached skill level 10 in Polearms
 17904 | D:14     | Found a gate to the Vaults.
 18197 | D:14     | Found a sacrificial altar of Ru.
 18258 | D:15     | Entered Level 15 of the Dungeon
 18282 | D:15     | Noticed Josephine
 18345 | D:15     | Killed Josephine
 18641 | D:15     | Found a staircase to the Depths.
 18859 | D:15     | Noticed Kirke
 18869 | D:15     | Noticed a sphinx
 18869 | D:15     | Killed Kirke
 20380 | Spider:1 | Entered Level 1 of the Spider Nest
 20479 | Spider:1 | Reached XP level 16. HP: 140/152 MP: 13/13
 20559 | Spider:1 | HP: 2/228 [emperor scorpion (14)]
 21466 | Swamp:1  | Entered Level 1 of the Swamp
 21729 | Swamp:1  | Noticed a thorn hunter
 21747 | Swamp:1  | Killed a thorn hunter
 22855 | Swamp:3  | Reached skill level 5 in Dodging
 22859 | Swamp:3  | Reached XP level 17. HP: 153/162 MP: 12/12
 23306 | Swamp:4  | Entered Level 4 of the Swamp
 23472 | Swamp:4  | Reached skill level 15 in Invocations
 23575 | Swamp:4  | Reached skill level 15 in Armour
 23871 | Swamp:4  | Got a decaying rune of Zot
 24406 | Spider:1 | Reached skill level 1 in Slings
 24932 | Spider:2 | HP: 8/164 [tarantella (5)]
 24937 | Spider:2 | HP: 5/164 [redback (2)]
 24937 | Spider:2 | Slain by a jumping spider

Illustrated notes

Levels and vault maps discovered:
D:1:      roderic_dead_forest, layout_loops_cross, minmay_pentomino_t2
D:2:      minmay_recursive_quarters, layout_loops_ring, xom_redecorated
D:3:      layout_rooms
D:4:      layout_rooms, nzn_hepliaklqana_mist_gate,
          gammafunk_temple_overflow_statue, tgw_fedhas
D:5:      layout_cave_pools, kennysheep_cross_bottleneck, uniq_grinder
D:6:      layout_basic, chequers_temple_overflow_statue_of_worship
D:7:      layout_rooms, lemuel_temple_firewalk_b,
          eino_small_chamber_without_monster, uniq_joseph
D:8:      layout_rooms, enter_bailey_5, kennysheep_boxes
D:9:      layout_roguey, makhleb_grotto_becter, erik_orc_1
D:10:     layout_stronghold, serial_shops, nicolae_shop_window_shopping, pond
D:11:     layout_roguey, erik_lair_island, kennysheep_path_1,
          eino_small_chamber_without_monster, uniq_urug
D:12:     layout_roguey, serial_shops, nicolae_shop_waterfront, uniq_jorgrun,
          uniq_fannar, uniq_nessos
D:13:     nzn_winding_woodlands_cross [nzn_winding_woodlands_5x15_sawtooth,
          nzn_winding_woodlands_5x15_jagged,
          nzn_winding_woodlands_5x15_river_crossing,
          nzn_winding_woodlands_5x15_longhouse,
          nzn_winding_woodlands_15x15_five_gardens], layout_rooms, serial_shops,
          nicolae_shop_temple_entry_statues_fountains, basic_altar
D:14:     layout_roguey, grunt_vaults_entry_tiered, hangedman_ru_absence,
          uniq_louise, uniq_roxanne
D:15:     grunt_enter_depths_magical_seal, layout_cave_pools,
          minmay_misc_feat_more_columns, uniq_kirke, uniq_josephine
Temple:   regret_index_temple_waves
Lair:1:   layout_cave_pods, portal_ice_cave_demonic_guard, serial_bayou_ford_a,
          fungi_pond_lemuel, columned_hall_lemuel
Lair:2:   layout_cave_shapes, dummy_spider_entry, chequers_serial_rivers_marsh,
          lemuel_fruit_fields, minmay_lair_oklob_chamber, lemuel_fruit_tree
Lair:3:   layout_gridlike, enter_volcano_1, uniq_sonja
Lair:4:   layout_misc_corridors, skrybe_swamp_entry_bodies,
          infiniplex_staircase_pool_2
Lair:5:   layout_loops_ring, slime_altar_2
Lair:6:   guppyfry_lair_end_dragon, layout_cave_shapes, special_room
          [special_room_mythical_zoo]
Swamp:1:  layout_basic_swamp, hangedman_swamp_lotus
Swamp:2:  layout_basic_swamp, hangedman_swamp_pad, infiniplex_staircase_pool
Swamp:3:  layout_basic_swamp, nicolae_swamp_feature_on_the_river_bank
Swamp:4:  swamp, layout_basic_swamp
Spider:1: nicolae_spider_corner
Spider:2: layout_spider_delve, guppyfry_spider_mini_1

Skill      XL: |  1  2  3  4  5  6  7  8  9 10 11 12 13 14 15 16 17 |
---------------+----------------------------------------------------+-----
Fighting       | 3 4 5 6 7 8 9 10 11 12 13 | 13.3
Axes           | 4 5 6 7 9 10 11 12 | 12.9
Dodging        | 1 2 3 4 5 |  5.3
Shields        | 4 5 6 7 8 9 10 11 12 13 14 | 14.0
Armour         | 4 5 6 7 8 10 11 12 13 14 15 | 15.2
Stealth        | 1 3 4 |  4.6
Throwing       | 1 |  1.6
Invocations    | 4 7 9 10 12 13 14 15 | 15.4
Polearms       | 4 7 9 10 11 12 | 12.1
Evocations     | 1 |  1.2
Slings         | 2 |  2.2

Action                   |  1- 3 |  4- 6 |  7- 9 | 10-12 | 13-15 | 16-18 || total
-------------------------+-------+-------+-------+-------+-------+-------++-------
Melee: War axe           |    73 |   119 |   268 |       |       |       ||   460
       Broad axe         |       |       |   125 |   255 |       |       ||   380
       Hand axe          |       |       |       |   712 |       |       ||   712
       Trident           |       |       |       |   259 |  1649 |  1087 ||  2995
 Fire: Hunting sling     |       |       |       |       |       |    77 ||    77
Throw: Boomerang         |       |       |    51 |       |       |       ||    51
Invok: Lesser Servant of |       |       |       |     6 |     8 |       ||    14
       Greater Servant o |       |       |       |       |     1 |    19 ||    20
 Abil: Heal Wounds       |     1 |     3 |    22 |    22 |    13 |    36 ||    97
Evoke: Wand              |       |       |       |     5 |       |       ||     5
       Condenser vane    |       |       |       |     1 |     1 |       ||     2
  Use: Potion            |     1 |       |     3 |     5 |     2 |    23 ||    34
       Scroll            |       |       |     9 |     7 |     7 |    13 ||    36
 Stab: Invisible         |       |       |       |     4 |       |     4 ||     8
       Confused          |       |       |       |     2 |       |     3 ||     5
       Distracted        |       |       |       |     4 |     6 |     4 ||    14
       Held in net/web   |       |       |       |       |       |     4 ||     4
Armor: Scale mail        |    45 |     7 |       |       |       |       ||    52
       Plate armour      |       |    48 |   263 |       |   493 |       ||   804
       Chain mail        |       |       |    64 |   563 |   139 |   953 ||  1719
       Ring mail         |       |       |       |       |     9 |       ||     9
       Acid dragon scale |       |       |       |       |     6 |       ||     6
Dodge: Dodged            |    31 |    22 |   153 |   327 |   472 |   831 ||  1836
Block: Kite shield       |    31 |    59 |   354 |   738 |   965 |   997 ||  3144

Table legend: (Time is in decaauts)
 A = Elapsed time spent in this place.
 B = Non-inter-level travel time spent in this place.
 C = Inter-level travel time spent in this place.
 D = Time resting spent in this place.
 E = Time spent auto-exploring this place.
 F = Levels seen in this place.
 G = Mean time per level.
                   A        B        C        D        E       F      G
               +--------+--------+--------+--------+--------+-----+--------+
         Total |  24646 |  21740 |   2906 |    499 |  14144 |  31 |  795.0 |
       Dungeon |  12825 |  10949 |   1876 |    283 |   7269 |  15 |  855.0 |
        Temple |    128 |     96 |     32 |      0 |     95 |   1 |  128.0 |
          Lair |   5986 |   5226 |    760 |     25 |   3967 |   6 |  997.7 |
         Swamp |   2664 |   2505 |    159 |      0 |   1676 |   4 |  666.0 |
   Spider Nest |   1615 |   1537 |     78 |    189 |    677 |   2 |  807.5 |
        Bailey |    477 |    477 |      0 |      0 |    124 |   1 |  477.0 |
      Ice Cave |    708 |    708 |      0 |      2 |    224 |   1 |  708.0 |
       Volcano |    240 |    240 |      0 |      0 |    110 |   1 |  240.0 |
               +--------+--------+--------+--------+--------+-----+--------+

Top non-repeatable levels by time:
Spider:1: 1565 daAuts
  Lair:2: 1308 daAuts
  Lair:1: 1273 daAuts
    D:10: 1249 daAuts
    D:11: 1160 daAuts
     D:4: 966 daAuts
  Lair:6: 946 daAuts
    D:12: 945 daAuts
     D:9: 943 daAuts
     D:2: 936 daAuts
    D:14: 878 daAuts
  Lair:3: 853 daAuts
     D:6: 829 daAuts
  Lair:5: 810 daAuts
 Swamp:4: 802 daAuts
